 Dungeon Crawl Stone Soup version 0.18.1-50-g88ac8fd (webtiles) character file.

47730 Peloso the Blocker (level 14, -3/124 HPs)
             Began as a Ghoul Fighter on Oct 27, 2016.
             Was the Champion of Okawaru.
             Slain by a spiny frog (14 damage)
             ... on level 7 of the Lair of Beasts.
             The game lasted 01:13:19 (18747 turns).

Peloso the Blocker (Ghoul Fighter)                 Turns: 18747, Time: 01:13:19

Health: -3/124     AC: 26    Str: 35    XL:     14   Next: 43%
Magic:  24/24      EV: 11    Int:  6    God:    Okawaru [******]
Gold:   1120       SH: 10    Dex: 12    Spells: 0 memorised, 13 levels left

rFire  x . .     SeeInvis .     K - +7 long sword of Fury {freeze, *Rage *Confuse rC+++ Str+5}
rCold  + + +     Gourm    .     e - +8 plate armour "Siustepn" {Int+3}
rNeg   + + +     Faith    +     w - +3 buckler of the Forgotten Lives {Stlth+}
rPois  ∞         Spirit   .     (no helmet)
rElec  .         Dismiss  .     h - +2 cloak {rPois}
rCorr  .         Reflect  .     (no gloves)
SustAt .         Harm     .     (no boots)
MR     ++...                    M - amulet of faith
Stlth  ..........               y - ring "Plog" {rF- MR+ MP+9 Str+6}
                                a - +3 ring of strength

@: very slightly contaminated, rotting, very resistant to hostile enchantments,
extremely unstealthy
A: rotting body, claws 1, carnivore 3, cold resistance 1, negative energy
resistance 3, slow regeneration 1, torment resistance, unbreathing
a: Heroism, Finesse, Renounce Religion


You were on level 7 of the Lair of Beasts.
You worshipped Okawaru.
Okawaru was exalted by your worship.
You were not hungry.

You visited 4 branches of the dungeon, and saw 21 of its levels.
You also visited: Ice Cave.

You collected 1960 gold pieces.
You spent 840 gold pieces at shops.

Inventory:

Hand Weapons
 I - a +3 long sword
 K - the +7 long sword of Fury (weapon) {freeze, *Rage *Confuse rC+++ Str+5}
   (You found it on level 10 of the Dungeon)

   It has been specially enchanted to freeze those struck by it, causing extra
   injury to most foes and up to half again as much damage against particularly
   susceptible opponents.
   It can also slow down cold-blooded creatures.
   It affects your strength (+5).
   It renders you almost immune to cold.
   It may make you go berserk in combat.
   It may confuse you when you take damage.
 N - a +4 scimitar of flaming
 U - the +5 double sword "Vuvir" {speed, -Tele rPois rC+ Str+4}
   (Okawaru gifted it to you on level 6 of the Lair of Beasts)

   Attacks with this weapon are significantly faster.
   It affects your strength (+4).
   It protects you from cold.
   It protects you from poison.
   It prevents most forms of teleportation.
Armour
 c - a +0 shield
 e - the +8 plate armour "Siustepn" (worn) {Int+3}
   (You bought it in a shop on level 10 of the Dungeon)

   It affects your intelligence (+3).
 h - a +2 cloak of poison resistance (worn)
 j - a +0 cloak of magic resistance
 w - the +3 buckler of the Forgotten Lives (worn) {Stlth+}
   (Okawaru gifted it to you on level 3 of the Lair of Beasts)

   It makes you more stealthy.
Jewellery
 a - a +3 ring of strength (left claw)
 d - an uncursed ring of wizardry
 k - an uncursed ring of wizardry
 l - an uncursed ring of magical power
 y - the ring "Plog" (right claw) {rF- MR+ MP+9 Str+6}
   (You found it on level 3 of the Dungeon)

   [ring of magical power]

   It affects your strength (+6).
   It makes you vulnerable to fire.
   It affects your resistance to hostile enchantments.
   It affects your magic capacity (+9).
 M - an amulet of faith (around neck)
 O - a +4 ring of strength
 R - an uncursed ring of resist corrosion
 S - a +5 ring of evasion {unknown}
Wands
 s - a wand of flame (35/48)
 v - a wand of slowing (38/48)
 D - a wand of paralysis (17/24)
 E - a wand of flame (11/48)
 W - a wand of teleportation (2/9)
Scrolls
 g - a scroll of identify
 i - 5 scrolls of remove curse
 o - 8 scrolls of enchant weapon
 p - 2 scrolls of magic mapping
 u - 3 scrolls of blinking
 B - 4 scrolls of fog
 C - a scroll of enchant armour
 G - 3 scrolls of amnesia
 L - a scroll of teleportation
Potions
 b - a potion of cancellation
 m - a potion of brilliance
 n - 6 potions of heal wounds
 q - 4 potions of curing
 t - a potion of berserk rage
 x - 3 potions of flight
 z - 2 potions of might
 F - a potion of magic
 H - 2 potions of agility
 P - a potion of haste
Books
 Q - a Fen Folio

   Spells                             Type                      Level
   a - Corpse Rot                     Necromancy                   2
   b - Stone Arrow                    Conjuration/Earth            3
   c - Leda's Liquefaction            Hexes/Earth                  4
   d - Summon Forest                  Summoning/Translocation      5
   e - Hydra Form                     Transmutation                6
   f - Summon Hydra                   Summoning                    7
Comestibles
 f - 9 meat rations
 r - 5 beef jerkies
 A - 2 royal jellies
 J - a slice of pizza


   Skills:
 + Level 11.6 Fighting
 + Level 11.9 Long Blades
 + Level 10.1 Armour
 + Level 6.4 Dodging
 + Level 1.3 Stealth
 + Level 12.4 Shields
 + Level 3.7 Invocations


You had 13 spell levels left.
You didn't know any spells.

Dungeon Overview and Level Annotations

Branches:
Dungeon (11/15)            Temple (1/1) D:4            Lair (7/8) D:11
  Swamp (0/4) Lair:4        Snake (0/4) Lair:3        Slime (0/6) Lair:7
    Orc (2/2) D:11
    Elf: Orc:2

Altars:
Dithmenos
Elyvilon
Fedhas
Gozag
Makhleb
Nemelex Xobeh
Okawaru
Pakellas
Qazlal
Ru
Sif Muna
Trog
Xom
Zin
The Shining One

Shops:
D:8 (   D:10 [

Annotations:
D:3 androgeny's ghost, amateur FoFi
D:7 1 runed door


Innate Abilities, Weirdness & Mutations

Your body is rotting away.
You thrive on raw meat.
You are immune to poison.
You have sharp fingernails.
You are carnivorous and can eat meat at any time.
Your flesh is cold resistant.
You are immune to negative energy.
You regenerate slowly when monsters are visible.
You are immune to unholy pain and torment.
You can survive without breathing.


Message History

You block the spiny frog's attack.
Found 18 gold pieces.
You block the spiny frog's attack.
A komodo dragon comes into view.
The komodo dragon hisses angrily.
The komodo dragon hisses menacingly.
The komodo dragon bites you but does no damage.
You block the spiny frog's attack.
You found a teleport trap!
The spiny frog stings you!
* * * LOW HITPOINT WARNING * * *
The spiny frog closely misses you.
Found a robe.
You block the komodo dragon's attack.
The teleport trap disappears.
The death yak disappears!
The spiny frog stings you but does no damage.
You block the spiny frog's attack. The komodo dragon barely misses you.
You block the spiny frog's attack. The spiny frog stings you!
You die...

####.### .#P.#.#
#..P..### #.......# .#.
###......### #..
....#.#[.......## #....
................##......
.......@FY.....#..P...?.
...#..P.l...............
P...###.................
#.. #................. .
#.PP.#......#.....
..PP...............
...P..P.............
.....P..............
...#..P##...........


You could see a death yak, a komodo dragon and a spiny frog.

Vanquished Creatures
  5 hydras
  2 ice dragons (IceCv)
  Erica (D:11)
  A death yak (Lair:7)
  3 hill giants
  3 ugly things (D:11)
  A manticore (D:11)
  2 orc sorcerers (Orc:1)
  4 elephants (Lair:3)
  A cyclops (D:11)
  A griffon (Lair:5)
  Maurice (D:8)
  2 ice statues (IceCv)
  9 black mambas
  Psyche (D:8)
  5 spiny frogs
  6 komodo dragons
  A rime drake (Lair:2)
  11 blink frogs
  8 spriggans (D:9)
  Sigmund (D:3)
  36 yaks
  A basilisk (Lair:3)
  A wyvern (D:9)
  5 humans
  2 wraiths (D:11)
  5 hippogriffs
  The ghost of UranusSolar the Conjurer, an amateur DrWz of Sif Muna (D:4)
  A hungry ghost (D:11)
  8 swamp worms
  4 wargs
  15 water moccasins
  11 porcupines
  10 orc warriors
  6 sky beasts
  A black bear (D:11)
  A wasp (D:10)
  27 ice beasts
  9 ogres
  4 phantoms
  2 centaurs
  17 wolves
  8 crocodiles
  3 big kobolds
  14 giant frogs
  A gnoll sergeant (D:8)
  A wyvern skeleton (D:8)
  4 scorpions
  13 killer bees
  6 wights (D:11)
  3 electric eels
  7 howler monkeys
  2 jellies
  6 crimson imps
  2 giant frog zombies
  8 hounds
  16 orc priests
  24 orc wizards
  2 centaur skeletons
  A giant frog skeleton (D:10)
  11 iguanas
  18 worker ants
  12 sheep
  3 worker ant zombies
  11 gnolls
  9 adders
  33 river rats
  3 shadow imps
  2 oozes
  2 adder zombies (D:7)
  19 worms
  8 dart slugs
  7 giant geckos
  67 orcs
  8 bats
  10 giant cockroaches
  3 goblins
  8 hobgoblins
  6 jackals
  30 kobolds
  2 quokkas
  4 ball pythons
  3 giant newts
  9 rats
  2 fungi
  6 plants (D:4)
653 creatures vanquished.

Vanquished Creatures (others)
  4 fungi
  8 plants
12 creatures vanquished.

Grand Total: 665 creatures vanquished

Notes
Turn   | Place    | Note
--------------------------------------------------------------
     0 | D:1      | Peloso the Ghoul Fighter began the quest for the Orb.
     0 | D:1      | Reached XP level 1. HP: 19/19 MP: 0/0
    43 | D:1      | Reached XP level 2. HP: 25/26 MP: 1/1
   350 | D:1      | Reached skill level 3 in Shields
   427 | D:1      | Reached XP level 3. HP: 16/31 MP: 2/2
   669 | D:2      | Found a faded altar to an unknown god.
   767 | D:2      | Reached skill level 1 in Dodging
   854 | D:2      | Reached XP level 4. HP: 30/39 MP: 3/3
  1335 | D:2      | Reached XP level 5. HP: 39/46 MP: 4/4
  1512 | D:3      | Found a bloodstained altar of Trog.
  1512 | D:3      | Found a white marble altar of Elyvilon.
  1548 | D:3      | Noticed Sigmund
  1568 | D:3      | Killed Sigmund
  1568 | D:3      | Reached XP level 6. HP: 7/53 MP: 5/5
  1720 | D:3      | Got a slimy marble ring
  1721 | D:3      | Identified the ring "Plog" {rF- MR+ MP+9 Str+6} (You found it on level 3 of the Dungeon)
  2055 | D:3      | Found a burning altar of Makhleb.
  2094 | D:3      | Noticed androgeny's ghost (amateur FoFi)
  2577 | D:4      | Reached XP level 7. HP: 53/60 MP: 6/6
  2617 | D:4      | Found a staircase to the Ecumenical Temple.
  2623 | Temple   | Entered the Ecumenical Temple
  2707 | Temple   | Became a worshipper of Warmaster Okawaru
  2920 | D:4      | Noticed UranusSolar's ghost (amateur DrWz)
  2953 | D:4      | Killed UranusSolar's ghost
  2953 | D:4      | Reached skill level 4 in Shields
  3159 | D:4      | Reached skill level 5 in Fighting
  3160 | D:4      | Paralysed by an orc wizard for 5 turns
  3266 | D:4      | Reached XP level 8. HP: 68/68 MP: 7/7
  3276 | D:4      | Reached * piety under Okawaru
  3964 | D:5      | Entered Level 5 of the Dungeon
  4412 | D:5      | Found a stormy altar of Qazlal.
  4466 | D:5      | Reached skill level 5 in Armour
  4466 | D:5      | Reached skill level 5 in Shields
  4504 | D:5      | Found a sacrificial altar of Ru.
  4504 | D:5      | Found an oddly glowing altar of Pakellas.
  4509 | D:5      | Found a deep blue altar of Sif Muna.
  4577 | D:5      | Reached skill level 5 in Long Blades
  4880 | D:5      | Reached ** piety under Okawaru
  4880 | D:5      | Reached XP level 9. HP: 52/75 MP: 8/8
  5859 | D:6      | Reached skill level 5 in Dodging
  5986 | D:7      | Found a runed door.
  5999 | D:7      | Found a runed door.
  6055 | D:7      | Reached skill level 6 in Shields
  6181 | D:7      | Reached *** piety under Okawaru
  6602 | D:8      | Reached XP level 10. HP: 84/84 MP: 9/9
  6624 | D:8      | Reached skill level 1 in Invocations
  6919 | D:8      | Reached **** piety under Okawaru
  7104 | D:8      | Found Gacit's Weapon Boutique.
  7284 | D:9      | Noticed Psyche
  7294 | D:8      | Paralysed by something for 7 turns
  7304 | D:8      | Killed Psyche
  7304 | D:8      | Reached skill level 7 in Shields
  7399 | D:9      | Noticed Maurice
  8133 | D:8      | Killed Maurice
  8482 | D:9      | Reached skill level 8 in Shields
  8641 | D:8      | Reached XP level 11. HP: 32/94 MP: 11/11
  8850 | D:9      | Found a shadowy altar of Dithmenos.
  8931 | D:9      | Reached skill level 1 in Stealth
  9709 | D:10     | Entered Level 10 of the Dungeon
  9719 | D:10     | Got a scorched long sword
  9720 | D:10     | Identified the +7 long sword of Fury {freeze, *Rage *Confuse rC+++ Str+5} (You found it on level 10 of the Dungeon)
  9754 | D:10     | Found Plog's Antique Armour Boutique.
 10223 | D:10     | Noticed a hill giant
 10233 | D:10     | Killed a hill giant
 10233 | D:10     | Reached ***** piety under Okawaru
 10536 | D:11     | Noticed a hill giant
 10546 | D:11     | Killed a hill giant
 10576 | D:11     | Noticed a green ugly thing
 10601 | D:11     | Killed a green ugly thing
 10627 | D:11     | Received a gift from Okawaru
 10654 | D:11     | Noticed a manticore
 10661 | D:11     | Killed a manticore
 10811 | D:11     | Noticed a cyclops
 10815 | D:11     | Reached skill level 9 in Shields
 11006 | D:11     | Killed a cyclops
 11185 | D:11     | Reached XP level 12. HP: 68/103 MP: 13/13
 11257 | D:11     | Found a staircase to the Lair.
 11391 | D:11     | Found a staircase to the Orcish Mines.
 11717 | D:11     | Noticed Erica
 11744 | D:11     | Killed Erica
 11849 | D:11     | Noticed a six-headed hydra
 11866 | D:11     | Killed a one-headed hydra
 11961 | D:11     | Received a gift from Okawaru
 12019 | D:11     | Noticed a four-headed hydra
 12026 | D:11     | Killed a one-headed hydra
 12026 | D:11     | Reached skill level 10 in Long Blades
 12089 | D:11     | Reached ****** piety under Okawaru
 12256 | Orc:1    | Entered Level 1 of the Orcish Mines
 12463 | Orc:1    | Reached skill level 10 in Shields
 12521 | Orc:2    | Entered Level 2 of the Orcish Mines
 12753 | D:10     | Bought a citrine-encrusted plate armour for 840 gold pieces
 12765 | D:10     | Identified the +8 plate armour "Siustepn" {Int+3} (You bought it in a shop on level 10 of the Dungeon)
 12813 | Lair:1   | Entered Level 1 of the Lair of Beasts
 13070 | Lair:1   | Noticed a seven-headed hydra
 13076 | Lair:1   | Killed a five-headed hydra
 13481 | Lair:1   | Reached XP level 13. HP: 113/113 MP: 14/14
 13504 | Lair:1   | Reached skill level 10 in Fighting
 14090 | Lair:2   | Found a frozen archway.
 14140 | IceCv    | Entered an ice cave
 14155 | IceCv    | Received a gift from Okawaru
 14593 | IceCv    | Noticed an ice dragon
 14595 | IceCv    | Noticed an ice dragon
 14616 | IceCv    | Killed an ice dragon
 14626 | IceCv    | Killed an ice dragon
 14870 | Lair:2   | Reached skill level 11 in Shields
 15489 | Lair:3   | Found a staircase to the Snake Pit.
 15739 | Lair:3   | Received a gift from Okawaru
 15740 | Lair:3   | Got an ancient buckler {god gift}
 15773 | Lair:3   | Reached skill level 12 in Shields
 15791 | Lair:3   | Identified the +3 buckler of the Forgotten Lives {Stlth+} (Okawaru gifted it to you on level 3 of the Lair of Beasts)
 15904 | Lair:3   | Reached XP level 14. HP: 107/124 MP: 15/15
 16984 | Lair:4   | Found a staircase to the Swamp.
 17761 | Lair:6   | Reached skill level 10 in Armour
 18496 | Lair:6   | Received a gift from Okawaru
 18506 | Lair:6   | Got a warped double sword {god gift}
 18507 | Lair:6   | Identified the +5 double sword "Vuvir" {speed, -Tele rPois rC+ Str+4} (Okawaru gifted it to you on level 6 of the Lair of Beasts)
 18665 | Lair:7   | Found a staircase to the Slime Pits.
 18747 | Lair:7   | Slain by a spiny frog

Skill      XL: |  1  2  3  4  5  6  7  8  9 10 11 12 13 14 |
---------------+-------------------------------------------+-----
Armour         | 3 4 5 6 7 8 9 10 | 10.1
Shields        | 3 4 5 6 8 9 10 12 | 12.4
Long Blades    | 2 3 4 5 6 7 8 10 11 | 11.9
Dodging        | 1 2 3 4 5 6 |  6.4
Fighting       | 4 5 6 7 8 9 11 | 11.6
Invocations    | 2 3 |  3.7
Stealth        | 1 |  1.3

Action                   |  1- 3 |  4- 6 |  7- 9 | 10-12 | 13-15 || total
-------------------------+-------+-------+-------+-------+-------++-------
Melee: Long sword        |   150 |   206 |   701 |   753 |   662 ||  2472
       Scimitar          |       |       |       |   204 |   138 ||   342
       Double sword      |       |       |       |       |    25 ||    25
Invok: Heroism           |       |       |     7 |    28 |     5 ||    40
  Use: Potion            |       |     1 |       |       |       ||     1
       Scroll            |       |     8 |     8 |    12 |     5 ||    33
  Eat: Chunk             |     6 |    13 |    24 |    95 |    29 ||   167
       Beef jerky        |       |       |       |       |     1 ||     1
Armor: Scale mail        |    89 |    66 |   125 |       |       ||   280
       Plate armour      |       |       |    62 |   414 |   473 ||   949
       Chain mail        |       |       |    42 |       |       ||    42
Dodge: Dodged            |    67 |    61 |   177 |   263 |   360 ||   928
Block: Shield            |    89 |    89 |   312 |   580 |   474 ||  1544
       Buckler           |       |       |       |       |   181 ||   181
